 Dungeon Crawl Stone Soup version 0.23-a0-358-g98c7a59 (webtiles) character file.

83 Laiders72 the Cudgeler (level 4, 0/41 HPs)
             Began as a Minotaur Berserker on Oct 22, 2018.
             Was a Believer of Trog.
             Slain by Natasha (7 damage)
             ... on level 2 of the Dungeon.
             The game lasted 00:03:07 (1256 turns).

Laiders72 the Cudgeler (Minotaur Berserker)         Turns: 1256, Time: 00:03:07

Health: 0/41       AC:  2    Str: 21    XL:     4   Next: 22%
Magic:  3/3        EV: 12    Int:  4    God:    Trog [**....]
Gold:   23         SH:  0    Dex: 11    Spells: 3/3 levels left

rFire    . . .     SeeInvis .   a - +0 mace
rCold    . . .     Gourm    .   (no shield)
rNeg     . . .     Faith    .   b - +0 animal skin
rPois    .         Spirit   .   (helmet restricted)
rElec    .         Reflect  .   (no cloak)
rCorr    .         Harm     .   (no gloves)
MR       ++...                  (no boots)
Stlth    +.........             (no amulet)
HPRegen  1.13/turn              (no ring)
MPRegen  0.08/turn              (no ring)

@: berserk cooldown, regenerating, slowed, very slow
A: retaliatory headbutt, horns 2
a: Berserk, Trog's Hand, Renounce Religion


You were on level 2 of the Dungeon.
You worshipped Trog.
Trog was pleased with you.
You were hungry.

You visited 1 branch of the dungeon, and saw 2 of its levels.

You collected 23 gold pieces.

Inventory:

Hand Weapons
 a - a +0 mace (weapon)
Armour
 b - a +0 animal skin (worn)
Jewellery
 g - an uncursed amulet of faith {unknown}
 j - a +5 ring of strength
Scrolls
 e - a scroll of remove curse {unknown}
 i - a scroll of fog {unknown}
Potions
 d - 2 potions of curing {unknown}
 f - a potion of cancellation {unknown}
 h - a potion of magic {unknown}
Comestibles
 c - 2 rations


   Skills:
 + Level 4.6 Fighting
 * Level 5.4 Maces & Flails
 - Level 2.4 Armour
 - Level 2.1 Dodging


You had 3 spell levels left.
You didn't know any spells.
Your spell library was empty.

Dungeon Overview and Level Annotations

Branches:
Dungeon (2/15)

Altars:

Annotations:
D:2 Natasha


Innate Abilities, Weirdness & Mutations

You reflexively headbutt those who attack you in melee.
You have a pair of horns on your head.


Message History

You feel resistant to hostile enchantments.
You are feeling hungry.
Natasha closely misses you.
You miss Natasha. Your headbutt misses Natasha.
Natasha wildly gestures.
You feel troubled. Natasha barely misses you. You furiously retaliate!
You headbutt Natasha. The white imp closely misses you.
You furiously retaliate!
You headbutt the white imp!
Natasha growls.
Natasha barely misses you. You furiously retaliate!
You headbutt Natasha. The white imp closely misses you.
You closely miss Natasha. Your headbutt misses Natasha.
Natasha is moderately wounded.
Natasha barely misses you. The white imp hits you.
* * * LOW HITPOINT WARNING * * *
The white imp freezes you.
* * * LOW HITPOINT WARNING * * *
Natasha claws you!
You die...

##### .(.#
#########.############
.......÷........(.....
#####.........######..
#...@h....#
#...5.....#
#.........#
#.......÷.##
##.........#
#.#####)#.# .. #...#
##. ##..# #. #..#


You could see Natasha and a white imp.

Vanquished Creatures
  Natasha (D:2)
  An adder (D:2)
  2 oozes (D:1)
  4 bats (D:1)
  A giant cockroach (D:2)
  4 hobgoblins (D:1)
  4 jackals (D:1)
  2 frilled lizards
  5 goblins
  11 kobolds
  4 rats (D:1)
39 creatures vanquished.

Notes
Turn   | Place    | Note
-------+----------+-------------------------------------------
     0 | D:1      | Laiders72 the Minotaur Berserker began the quest for the
                  | Orb.
     0 | D:1      | Reached XP level 1. HP: 19/19 MP: 0/0
   221 | D:1      | Reached skill level 4 in Maces & Flails
   485 | D:1      | Reached XP level 2. HP: 25/27 MP: 1/1
   582 | D:1      | Reached XP level 3. HP: 25/33 MP: 2/2
   804 | D:1      | Reached ** piety under Trog
  1096 | D:2      | Reached skill level 5 in Maces & Flails
  1235 | D:2      | Noticed Natasha
  1239 | D:2      | Killed Natasha
  1239 | D:2      | Reached XP level 4. HP: 41/41 MP: 3/3
  1245 | D:2      | Noticed Natasha
  1256 | D:2      | Slain by Natasha

Vault maps used:
D:1:      nicolae_arrival_memento_mori, chequers_serial_rivers_small_b
D:2:      first_ration, uniq_natasha, uniq_terence

Skill      XL: |  1  2  3 |
---------------+----------+-----
Maces & Flails | 4 5 |  5.4
Fighting       | 4 |  4.6
Armour         | |  2.4
Dodging        | |  2.1

Action                   |  1- 3 |  4- 6 || total
-------------------------+-------+-------++-------
Melee: Mace              |    99 |     5 ||   104
       Headbutt          |    11 |     1 ||    12
Invok: Berserk           |     1 |       ||     1
       Trog's Hand       |       |     1 ||     1
  Eat: Chunk             |     1 |     1 ||     2
Armor: Animal skin       |    25 |       ||    25
Dodge: Dodged            |    55 |     9 ||    64

Table legend:
 A = Non-vault XP
 B = Vault XP
 C = Vault XP percentage of total XP
 D = Non-vault monster count
 E = Vault monster count
 F = Vault count percentage of total count
                 A         B        C        D         E       F
            +---------+---------+-------+---------+---------+-------
      Total |      83 |      36 |  30.3 |      38 |       1 |   2.6
            +---------+---------+-------+---------+---------+-------
        D:1 |      58 |       0 |   0.0 |      30 |       0 |   0.0
        D:2 |      25 |      36 |  59.0 |       8 |       1 |  11.1
            +---------+---------+-------+---------+---------+-------
